 Dungeon Crawl Stone Soup version 0.18.1-48-g4cf74bf (webtiles) character file.

468 Asterope the Firebug (level 7, -25/40 HPs)
             Began as a Gargoyle Fire Elementalist on Aug 18, 2016.
             Killed from afar by Pikel (37 damage)
             ... with an exploding inner flame
             ... hexed by the player character
             ... on level 5 of the Dungeon.
             The game lasted 00:50:19 (7146 turns).

Asterope the Firebug (Gargoyle Fire Elementalist)   Turns: 7146, Time: 00:50:19

Health: -25/40     AC: 12    Str: 12    XL:     7   Next: 8%
Magic:  0/12       EV: 12    Int: 20    God:
Gold:   236        SH:  0    Dex: 10    Spells: 4 memorised, 3 levels left

rFire  . . .     SeeInvis .     q - +0 spear
rCold  . . .     Gourm    .     l - +1 robe {Archmagi}
rNeg   + . .     Faith    .     (no shield)
rPois  ∞         Spirit   .     r - +2 helmet of Hoxkorho {Int+3}
rElec  +         Dismiss  .     (no cloak)
rCorr  .         Reflect  .     j - +1 pair of gloves
SustAt .         Harm     .     (no boots)
MR     .....                    (no amulet)
Stlth  ++........               (no ring)
                                (no ring)

@: not resistant to hostile enchantments, unstealthy
A: negative energy resistance 1, electricity resistance, unbreathing,
petrification resistance, rot immunity, AC +4
a: no special abilities


You were on level 5 of the Dungeon.
You were not hungry.

You visited 1 branch of the dungeon, and saw 5 of its levels.

You collected 236 gold pieces.

Inventory:

Hand Weapons
 e - a -1 club
 q - a +0 spear (weapon)
 s - a +0 flail
Armour
 f - a +0 robe
 j - a +1 pair of gloves (worn)
 l - a +1 robe of the Archmagi (worn)
 r - the +2 helmet of Hoxkorho (worn) {Int+3}
   (You took it off Robin on level 2 of the Dungeon)

   It affects your intelligence (+3).
Wands
 g - a wand of slowing (28/48)
 i - a wand of slowing (26/48)
Scrolls
 c - a scroll of teleportation
 k - a scroll of remove curse
 m - a scroll of recharging
 n - a scroll of immolation
 t - a scroll of identify
Potions
 a - a potion of resistance {unknown}
 d - a potion of might {unknown}
 o - 2 potions of curing {unknown}
Books
 b - a book of Flames

   Spells                             Type                      Level
   a - Flame Tongue                   Conjuration/Fire             1
   b - Throw Flame                    Conjuration/Fire             2
   c - Conjure Flame                  Conjuration/Fire             3
   d - Inner Flame                    Hexes/Fire                   3
   e - Sticky Flame                   Conjuration/Fire             4
   f - Fireball                       Conjuration/Fire             5
Comestibles
 h - a meat ration


   Skills:
 + Level 2.3 Fighting
 + Level 2.4 Maces & Flails
 + Level 2.3 Dodging
 + Level 3.1 Stealth
 * Level 3.5 Spellcasting
 * Level 2.7 Conjurations
 + Level 4.5 Fire Magic


You had 3 spell levels left.
You knew the following spells:

 Your Spells              Type           Power        Failure   Level  Hunger
a - Flame Tongue          Conj/Fire      ####.        2%          1    None
b - Throw Flame           Conj/Fire      ####..       4%          2    ##.....
c - Conjure Flame         Conj/Fire      ####....     10%         3    ###....
d - Sticky Flame          Conj/Fire      ####....     30%         4    ####...


Dungeon Overview and Level Annotations

Branches:
Dungeon (5/15)
 Temple: D:4-7

Altars:
Cheibriados
Qazlal
Xom
Zin


Innate Abilities, Weirdness & Mutations

You are resistant to torment.
Your stone body is resilient (AC +4).
You are immune to poison.
You resist negative energy.
You are resistant to electric shocks.
You can survive without breathing.
You are immune to petrification.
You are immune to rotting.


Message History

Press: ? - help, Shift-Dir - straight line, f - slave, p - Pikel
Aim: a slave, wearing an animal skin (heavily wounded, inner flame)
You feel a surge of power!
The puff of flame hits Pikel.
Pikel is severely wounded.
Pikel says, "You strike me more as a bedroom slave."
Pikel hits you but does no damage.
Casting: Throw Flame
Confirm with . or Enter, or press ? or * to list all spells.
Aiming: Flame Tongue
Press: ? - help, Shift-Dir - straight line, f/p - slave
Aim: a slave, wearing an animal skin (heavily wounded, inner flame)
You feel a surge of power!
The flame tongue hits Pikel.
Pikel explodes!
The fiery explosion engulfs the quokka.
You kill the quokka!
The fiery explosion engulfs the slave.
The slave explodes!
The fiery explosion engulfs you!
Ouch! That really hurt!
You die...

##.. #.........#.#
#...######.........#S#
#......p.r........##p#
#....#####........##.#
......#%p# #........##p#
.....
##.####........##r# ....
#.§§##.......###.### ...
###§##...%......pp.. ..
#@§....(.......... .
..........#...##........
..####..%.%.............
####.....##........
##...##........
..!.....<....
#...........
#..._.......
#......#####


You could see a slave.

Vanquished Creatures
  Grinder (D:3)
  A slave (D:5)
  Terence (D:2)
  Jessica (D:3)
  Robin (D:2)
  5 gnolls
  6 adders
  An ooze (D:4)
  An adder skeleton (D:4)
  A worm (D:2)
  3 dart slugs
  3 giant geckos
  4 orcs (D:3)
  4 bats
  4 giant cockroaches
  6 hobgoblins
  8 jackals
  6 kobolds
  7 quokkas
  A ball python (D:4)
  2 giant newts (D:2)
  15 goblins
  5 rats
87 creatures vanquished.

Notes
Turn   | Place    | Note
--------------------------------------------------------------
     0 | D:1      | Asterope the Gargoyle Fire Elementalist began the quest for the Orb.
     0 | D:1      | Reached XP level 1. HP: 10/10 MP: 3/3
   239 | D:1      | Reached XP level 2. HP: 15/15 MP: 3/5
   564 | D:1      | Learned a level 2 spell: Throw Flame
  1571 | D:2      | Reached XP level 3. HP: 14/19 MP: 1/6
  2087 | D:2      | Reached skill level 1 in Maces & Flails
  2087 | D:2      | Reached XP level 4. HP: 24/24 MP: 1/7
  2474 | D:2      | Noticed Robin
  2643 | D:2      | Killed Robin
  2653 | D:2      | Reached skill level 1 in Fighting
  2896 | D:2      | Got a steaming helmet
  3318 | D:2      | Learned a level 3 spell: Conjure Flame
  3372 | D:3      | Noticed Terence
  3481 | D:2      | Killed Terence
  3481 | D:2      | Reached XP level 5. HP: 24/29 MP: 0/9
  3652 | D:3      | Identified the +2 helmet of Hoxkorho {Int+3} (You took it off Robin on level 2 of the Dungeon)
  3944 | D:3      | Noticed Jessica
  3956 | D:3      | Killed Jessica
  3956 | D:3      | Reached skill level 4 in Fire Magic
  4611 | D:3      | Noticed Grinder
  4794 | D:3      | Paralysed by Grinder for 5 turns
  4802 | D:3      | Paralysed by Grinder for 3 turns
  4807 | D:3      | Paralysed by Grinder for 7 turns
  4815 | D:3      | HP: 1/29 [Grinder/nerve-wracking pain (11)]
  4833 | D:3      | Killed Grinder
  4833 | D:3      | Reached XP level 6. HP: 21/35 MP: 0/11
  5019 | D:3      | Found a snail-covered altar of Cheibriados.
  5202 | D:4      | Found a glowing silver altar of Zin.
  5202 | D:4      | Noticed an angel
  5313 | D:4      | Found a shimmering altar of Xom.
  5862 | D:4      | Learned a level 4 spell: Sticky Flame
  5916 | D:4      | Reached XP level 7. HP: 40/40 MP: 4/12
  7078 | D:5      | Entered Level 5 of the Dungeon
  7083 | D:5      | Found a stormy altar of Qazlal.
  7091 | D:5      | Noticed Pikel
  7146 | D:5      | Killed Pikel
  7146 | D:5      | Killed from afar by Pikel

Skill      XL: |  1  2  3  4  5 |
---------------+----------------+-----
Maces & Flails | 1 2 |  2.4
Fighting       | 1 2 |  2.3
Fire Magic     | 4 |  4.5
Dodging        | 2 |  2.3
Stealth        | 3 |  3.1
Spellcasting   | 3 |  3.5
Conjurations   | 2 |  2.7

Action                   |  1- 3 |  4- 6 |  7- 9 || total
-------------------------+-------+-------+-------++-------
Melee: Club              |    44 |    27 |       ||    71
       Spear             |       |    34 |     6 ||    40
 Cast: Flame Tongue      |    35 |    55 |    15 ||   105
       Throw Flame       |    14 |    53 |    11 ||    78
       Conjure Flame     |       |     5 |       ||     5
  Use: Scroll            |       |     9 |     4 ||    13
       Potion            |       |     3 |       ||     3
  Eat: Chunk             |     3 |     3 |       ||     6
       Beef jerky        |     1 |       |       ||     1
       Bread ration      |     1 |     1 |     1 ||     3
       Fruit             |       |     2 |       ||     2
       Meat ration       |       |     1 |       ||     1
Armor: Robe              |    23 |    28 |    25 ||    76
Dodge: Dodged            |    55 |    39 |    32 ||   126
